[Event "Carnaval"]
[Site "Quebec CAN"]
[Date "2016.02.20"]
[Round "2"]
[White "Caire, Francois"]
[Black "Hambleton, Aman"]
[Result "1-0"]
[ECO "E15"]
[WhiteElo "2243"]
[BlackElo "2486"]
[PlyCount "109"]
[EventDate "2016.02.19"]
[EventType "swiss"]
[EventRounds "5"]
[EventCountry "CAN"]
[TimeControl "900+2"]

1. d4 e6 2. c4 Nf6 3. Nf3 b6 4. g3 Ba6 5. b3 Bb4+ 6. Bd2 c5 7. Bg2 Bb7 8. O-O
O-O 9. Bc3 Na6 10. a3 Bxc3 11. Nxc3 cxd4 12. Qxd4 Nc5 13. Rab1 d5 14. cxd5 Nxd5
15. b4 Nxc3 16. Qxc3 Ne4 17. Qe3 Rc8 18. Rbc1 Qe7 19. Rfd1 Nf6 20. Ne5 Nd5 21.
Qb3 Rxc1 22. Rxc1 Qg5 23. Qb2 Qe7 24. Nc6 Bxc6 25. Rxc6 Nf6 26. Qc2 Rd8 27. Rc7
Rd1+ 28. Bf1 Rd7 29. Rc8+ Ne8 30. e4 Rd8 31. Qc6 Rxc8 32. Qxc8 f6 33. e5 Kf7
34. exf6 gxf6 35. Bc4 Nd6 36. Qc6 Kg7 37. Bb3 e5 38. Qd5 f5 39. Qg8+ Kh6 40.
Qd5 Qf6 41. Kg2 f4 42. g4 Kg5 43. f3 h5 44. Qg8+ Kh6 45. h4 Qxh4 46. Qf8+ Kh7
47. Bg8+ Kg6 48. Qxd6+ Kg7 49. Bd5 Qg3+ 50. Kf1 Qh3+ 51. Ke2 Qg2+ 52. Kd3 Qf1+
53. Ke4 Qb1+ 54. Kxe5 Qb2+ 55. Kf5 1-0

[Event "Carnaval"]
[Site "Quebec CAN"]
[Date "2016.02.21"]
[Round "4"]
[White "Zhu, Hong Rui"]
[Black "Hambleton, Aman"]
[Result "1/2-1/2"]
[ECO "B42"]
[WhiteElo "2235"]
[BlackElo "2486"]
[PlyCount "120"]
[EventDate "2016.02.19"]
[EventType "swiss"]
[EventRounds "5"]
[EventCountry "CAN"]
[TimeControl "900+2"]

1. e4 c5 2. Nf3 e6 3. d4 cxd4 4. Nxd4 a6 5. Bd3 Bc5 6. Nb3 Be7 7. Qg4 g6 8. Qe2
d6 9. O-O Nd7 10. c4 Qc7 11. Nc3 b6 12. Be3 Bb7 13. Rac1 h5 14. f3 Ngf6 15. Qf2
Rb8 16. Nd2 h4 17. Rfd1 Rc8 18. b4 Bd8 19. Nb3 Qb8 20. Bf1 Bc7 21. Bf4 g5 22.
Bxg5 d5 23. exd5 Bxh2+ 24. Kh1 Bf4 25. dxe6 fxe6 26. Bxf4 Qxf4 27. Rd4 Qg3 28.
Kg1 Kf7 29. Re1 Rcg8 30. Qxg3 Rxg3 31. Kf2 Rg5 32. Rd6 e5 33. c5 bxc5 34. bxc5
Rc8 35. Bc4+ Kg7 36. Be6 Rc7 37. Na4 Bc6 38. Nb6 Nf8 39. Na5 Be8 40. Nb3 Ng6
41. Bh3 Nf4 42. Nc4 Bf7 43. Rxe5 Rxe5 44. Nxe5 Bxb3 45. axb3 Rxc5 46. Nc4 Rb5
47. Rb6 N6d5 48. Rxb5 axb5 49. Na3 b4 50. Nc2 Nxh3+ 51. gxh3 Nf4 52. Nxb4 Nxh3+
53. Ke3 Ng5 54. Nd3 h3 55. f4 h2 56. Nf2 Nh3 57. Nh1 Kf6 58. Ng3 Ke6 59. Kf3
Kd5 60. Nh1 Nxf4 1/2-1/2